Map: Cyber Forest LE

Players

sandboX

  • Race: Zerg Zerg
  • League: Gold
  • Spawn Location: 5:00

Whoops - Winner!

  • Race: Protoss Protoss
  • League: Diamond
  • Spawn Location: 11:00

VOD

Have the link to the VOD?

Description

Time

  • Played on: Aug. 15, 2019, 2:34 a.m.
  • Length: 11:31
Show
View Real Time Build Order
Export as new Build Order

sandboX Zerg 

Build Orders: Hatch First, Roach Hydra 

Get SALT Encoding   

  12  0:01  Drone  
  13  0:12  Overlord  
  13  0:20  Drone  
  14  0:31  Drone x2  
  16  0:52  Hatchery  
  16  0:55  Drone  
  16  0:59  Drone  
  16  1:02  Drone  
  18  1:05  Extractor  
  18  1:09  Drone  
  18  1:24  Spawning Pool  
  17  1:27  Drone  
  18  1:39  Drone  
  19  1:41  Overlord  
  19  2:06  Drone  
  19  2:07  Drone  
  21  2:12  Zergling x4  
  21  2:13  Queen  
  21  2:15  Queen  
  25  2:21  Metabolic Boost  
  27  2:26  Drone  
  28  2:31  Drone  
  28  2:32  Drone  
  30  2:58  Hatchery  
  29  3:03  Drone  
  29  3:04  Drone x4  
  34  3:07  Drone  
  35  3:15  Overlord  
  35  3:21  Drone  
  36  3:33  Drone x6  
  42  3:40  Roach Warren  
  41  3:50  Drone x3  
  41  3:52  Overlord  
  44  3:57  Extractor  
  44  3:58  Extractor  
  42  4:09  Drone x4  
  47  4:10  Drone  
  47  4:11  Overlord  
  47  4:26  Lair  
  47  4:35  Evolution Chamber  
  47  4:36  Evolution Chamber  
  47  4:37  Queen  
  47  4:41  Roach x6  
  47  4:42  Roach  
  61  4:55  Drone x5  
  66  5:03  Overlord  
  66  5:04  Overlord  
  66  5:07  Zerg Ground Armor Level 1, Zerg Missile Weapons Level 1  
  65  5:46  Overlord x2  
  65  5:48  Glial Reconstitution  
  65  5:54  Hydralisk Den  
  65  5:55  Spore Crawler  
  63  5:57  Spore Crawler  
  63  5:59  Drone x5, Spore Crawler  
  63  6:04  Overlord x2  
  66  6:05  Overlord x2  
  66  6:07  Roach x4  
  74  6:13  Drone x4  
  74  6:14  Drone x3  
  81  6:18  Overlord x2  
  81  6:24  Muscular Augments  
  81  6:42  Extractor x2  
  81  6:44  Drone x4, Extractor  
  81  6:45  Drone  
  81  6:46  Roach x5  
  93  6:59  Hydralisk x5  
  103  7:04  Zerg Missile Weapons Level 2  
  103  7:08  Zerg Ground Armor Level 2  
  103  7:37  Grooved Spines  
  103  7:40  Hydralisk x7  
  103  7:41  Roach  
  83  8:02  Roach x12  
  107  8:13  Overlord x3  
  107  8:14  Overlord  
  107  8:19  Hydralisk x2  
  111  8:44  Hydralisk, Roach x3  
  111  8:45  Roach x2  
  111  8:46  Hatchery  
  122  9:02  Hydralisk x4  
  122  9:04  Roach x3  
  136  9:15  Drone x7  
  136  9:16  Drone  
  144  9:17  Drone  
  145  9:41  Overlord x4  
  145  9:59  Overlord  
  145  10:00  Overlord x2  
  145  10:01  Hydralisk x3, Roach x4  
  145  10:02  Hydralisk  
  145  10:32  Roach x12  
  145  10:33  Roach x3  
  131  10:40  Queen  
  113  10:49  Zergling x16  
  121  10:56  Zergling x8  
  80  11:11  Zergling x4  
  80  11:12  Zergling x22  
Show
View Real Time Build Order
Export as new Build Order

Whoops Protoss - Winner!

Build Orders: Chargelot Immortal 

Get SALT Encoding   

  12  0:01  Probe  
  13  0:13  Probe  
  14  0:19  Pylon  
  14  0:25  Probe  
  15  0:37  Probe  
  15  0:41  Gateway  
  16  0:49  Probe  
  17  0:57  Gateway  
  17  0:59  Probe  
  17  1:04  Assimilator  
  18  1:07  Probe  
  18  1:15  Probe  
  20  1:28  Probe  
  20  1:29  Pylon  
  21  1:40  Probe  
  22  1:55  Nexus  
  22  1:59  Probe  
  23  2:07  Cybernetics Core  
  23  2:08  Probe  
  24  2:16  Probe  
  25  2:23  Zealot  
  25  2:25  Probe  
  25  2:28  Zealot  
  30  2:41  Pylon  
  30  2:44  Probe  
  31  2:52  Warp Gate  
  31  2:55  Probe  
  32  3:06  Stalker, Probe x2  
  32  3:08  Stalker  
  37  3:14  Probe x2  
  39  3:23  Probe  
  39  3:24  Robotics Facility, Probe  
  41  3:33  Probe  
  41  3:36  Zealot, Probe  
  41  3:38  Zealot  
  47  3:46  Probe, Assimilator  
  48  3:58  Probe  
  49  4:10  Nexus  
  49  4:13  Assimilator, Pylon  
  49  4:14  Assimilator  
  49  4:19  Immortal  
  49  4:24  Probe  
  53  4:28  Pylon  
  53  4:30  Pylon  
  53  4:31  Probe  
  55  4:32  Probe  
  56  4:38  Forge  
  56  4:42  Probe  
  56  4:43  Probe  
  58  4:47  Zealot  
  58  4:48  Zealot  
  62  4:54  Probe  
  62  4:58  Immortal  
  62  4:59  Twilight Council  
  67  5:01  Probe  
  67  5:02  Probe  
  69  5:10  Probe  
  69  5:13  Probe  
  69  5:14  Pylon  
  70  5:15  Stalker  
  73  5:26  Probe  
  74  5:41  Probe  
  74  5:43  Probe  
  74  5:49  Probe  
  76  5:51  Probe  
  76  5:52  Immortal  
  76  5:53  Charge  
  82  5:59  Probe  
  82  6:01  Probe, Gateway x2  
  84  6:06  Probe  
  85  6:11  Probe  
  85  6:13  Probe  
  85  6:14  Probe  
  85  6:16  Protoss Ground Weapons Level 1  
  87  6:23  Stalker, Zealot  
  87  6:24  Probe  
  92  6:25  Probe  
  94  6:33  Robotics Facility  
  94  6:36  Assimilator  
  94  6:39  Immortal  
  98  6:40  Assimilator  
  98  6:47  Probe  
  98  6:48  Pylon  
  98  6:51  Probe, Pylon  
  99  6:54  Pylon  
  99  6:59  Probe, Pylon  
  101  7:02  Probe  
  102  7:13  Zealot  
  102  7:14  Zealot x2, Probe  
  102  7:15  Zealot  
  111  7:20  Nexus  
  111  7:24  Immortal, Templar Archives, Pylon  
  111  7:26  Probe  
  111  7:27  Pylon  
  116  7:31  Immortal  
  116  7:32  Pylon  
  116  7:36  Pylon  
  120  7:38  Probe  
  105  7:54  Immortal  
  105  7:57  Zealot x3  
  105  7:58  Zealot  
  101  8:00  Immortal  
  109  8:23  Probe  
  109  8:26  Immortal  
  110  8:29  Immortal  
  110  8:35  Probe  
  119  8:43  Zealot x3  
  119  8:44  Zealot  
  119  8:45  Assimilator  
  119  8:46  Assimilator, Protoss Ground Weapons Level 2  
  119  8:47  Probe  
  128  8:55  Forge  
  128  8:59  Probe  
  128  9:02  Immortal  
  129  9:04  Immortal  
  129  9:06  Zealot  
  129  9:07  Zealot x2  
  129  9:08  Zealot, Probe  
  145  9:12  Probe  
  145  9:17  Protoss Ground Armor Level 1, Probe  
  148  9:26  Probe  
  149  9:34  Immortal  
  149  9:38  Immortal, Probe  
  149  9:43  Zealot x2  
  149  9:44  Zealot x2  
  166  9:47  Probe  
  166  9:51  Pylon  
  167  9:55  Probe  
  167  9:57  Pylon  
  168  10:05  Probe  
  168  10:07  Templar Archives  
  168  10:13  Immortal, Pylon  
  173  10:16  Pylon  
  173  10:17  Immortal, Probe  
  173  10:21  Pylon  
  178  10:25  Robotics Bay  
  171  10:29  Probe  
  147  10:45  Stalker x3  
  147  10:47  Stalker  
Tags
 
Add a new tag
Caveats
  • Supply blocks, unpowered buildings, or Contaminate may cause inaccurate times.
  • Supply counts are checked every 10 seconds.